Zazza, lawful female dwarven Valkyrie ------------ |..........| ----- |..........|###########....| ---------- |..........|# |..<| |.........#######...........|# |...| |........| ##|..........|# |.(.| |........-#######-------.----# ##..._| #.........| ############## # |...| #---------- # ### ----- ----------- ### # # |[))).))).-# # # # |)[))))).[|# # ### # |))))[[)).|# # # # |[.).)...)|### # ## # ----------- # # -------.--------# ###----------###################..........>....|# #....SS...|## |..............-# |..@S{..f.## |..............| ---------- ---------------- Zazza the Skirmisher Experience level: 5 Strength: 18/01 Dexterity: 14 Constitution: 16 Intelligence: 8 Wisdom: 9 Charisma: 9 Health: 4(41) Energy: 4(4) Def: 5 Gold: 474 Moves: 2321 Dungeon seed: tv2eQbCLuPaURSGM Game ID: Zazza_1527514336 Your Inventory: Coins $ - 474 gold pieces Weapons a - a rusty +1 long sword (weapon in hand) b - a +0 dagger p - a +0 dwarvish mattock x - a blessed +0 dagger (in quiver) B - a +0 dwarvish short sword Armor e - an uncursed +3 small shield (being worn) z - an uncursed +0 orcish helm (being worn) Comestibles C - an uncursed food ration Scrolls w - an uncursed scroll of identify Spellbooks A - an uncursed spellbook of remove curse Potions i - an uncursed potion of hallucination o - a blessed potion of object detection Tools s - an uncursed wooden flute Gems n - an uncursed worthless piece of white glass Spells and supernatural/magical abilities: Name Level Category Fail Memory l - light 1 divination 87% 96% W - pray for help -- divine ? -- Your skills at the end: Fighting Skills Weapon Skills dagger [Basic] long sword [Basic] Spellcasting Skills Final Attributes: You were piously aligned. You were cold resistant. You had infravision. You were stealthy. You are dead. Vanquished creatures: a large mimic a water moccasin a shrieker a floating eye 2 homunculi a kobold shaman a rothe an acid blob a gas spore a hobbit 2 manes a hobgoblin a brown mold 2 yellow molds a gnome zombie a gecko 4 jackals a fox a kobold 3 goblins 5 grid bugs a bat 2 lichens 4 newts 40 creatures vanquished. Voluntary challenges: You used a wielded weapon 33 times, starting on turn 133. You read items or engraved 5 times, starting on turn 1465. You never genocided any monsters. You never polymorphed an object. You never changed form. You used no wishes. You never split a pudding. You never wrote Elbereth's name. You never violated your personal moral code. Dungeon overview: The Dungeons of Doom: levels 1 to 4 Level 1 a fountain a long staircase Level 2 Level 3 <- You were here a weapon shop, an altar to Tyr, a fountain Level 4 a fountain History has recorded: On T:1 you entered the Dungeons of Doom to retrieve the Amulet of Yendor! On T:544 you reached level 2 of The Dungeons of Doom. On T:626 you advanced to experience level 2. On T:1136 you reached level 3 of The Dungeons of Doom. On T:1282 you advanced to experience level 3. On T:1329 you advanced to experience level 4. On T:1940 you reached level 4 of The Dungeons of Doom. On T:2218 you advanced to experience level 5. Score breakdown: Gold: 474 ( 9105 points) Experience: 5 levels (11141 points) Exploration: 4 levels ( 8.00%) ( 7423 points) Discoveries: 2 items ( 0.81%) ( 2705 points) Valuables value: (no points given unless you survive) Artifact value: 0 ( 0 points) Variety of kills: 24 monsters ( 6.30%) ( 7529 points) Turncount: 2321 turns ( -220 points) Survival: died (score multiplied by 80%) Total score: 30146 Latest messages: Your long sword rusts! An endless stream of snakes pours forth! The water moccasin bites! (2x) The water moccasin just misses! The water moccasin bites! You hit the water moccasin! The water moccasin bites! (4x) Armand misses the water moccasin. (2x) The water moccasin bites! (2x) Armand misses the water moccasin. The water moccasin bites! Armand bites the water moccasin. The water moccasin is killed! The water moccasin just misses! The water moccasin bites! As you read the scroll, it disappears. A lit field surrounds you! The water moccasin bites! The water moccasin's bite was poisoned! The poison was deadly... Final status: Farvel Zazza the Valkyrie, poisoned by a water moccasin... You were poisoned in The Dungeons of Doom on dungeon level 3 with 30146 points, and 474 pieces of gold, after 2321 moves. You were level 5 with a maximum of 41 hit points when you were poisoned.